 Dungeon Crawl Stone Soup version 0.29.0-4-gdea44cf6ec (webtiles) character file.

Game seed: 12332496854969361489

507 qw the Chopper (level 7, 0/41 HPs)
             Began as a Tengu Warper on Aug 28, 2022.
             Slain by Pikel
             ... wielding a +0 whip of flaming
              (9 damage)
             ... on level 4 of the Dungeon.
             The game lasted 00:00:24 (4352 turns).

qw the Chopper (Tengu Warper)                       Turns: 4352, Time: 00:00:25

Health: 0/41       AC:  8    Str: 13    XL:     7   Next: 18%
Magic:  11/11      EV:  7    Int: 13    God:
Gold:   247        SH:  0    Dex: 14    Spells: 10/10 levels left

rFire   . . .      SeeInvis .   Y - +0 war axe
rCold   . . .      Faith    .   (no shield)
rNeg    . . .      Spirit   .   d - +0 chain mail
rPois   .          Reflect  .   (helmet restricted)
rElec   .          Harm     .   (no cloak)
rCorr   .          Rampage  .   (no gloves)
Will    .....                   (boots unavailable)
Stlth   ..........              f - amulet of the acrobat
HPRegen 0.13/turn               (no ring)
MPRegen 0.12/turn               (no ring)

@: flying quickly and evasively, quick
A: beak, talons 3, nimble flight
a: no special abilities


You were on level 4 of the Dungeon.
You visited 1 branch of the dungeon, and saw 4 of its levels.

You collected 247 gold pieces.


Innate Abilities, Weirdness & Mutations

You have a beak for a mouth.
You have claws for feet.
Your magical nature lets you fly swiftly and evasively.


   Skills:
 - Level 3.0 Fighting
 + Level 7.6 Axes
 - Level 1.0 Throwing
 - Level 2.3 Armour
 - Level 2.1 Dodging
 - Level 2.0 Spellcasting
 - Level 2.4 Translocations


You had 10 spell levels left.
You didn't know any spells.
Your spell library contained the following spells:

 Spells                   Type           Power      Damage    Failure   Level
 Blink                    Tloc           14%        N/A       99%         2
 Gell's Gravitas          Tloc           7%         N/A       100%        3
 Lesser Beckoning         Tloc           7%         N/A       100%        3
 Teleport Other           Tloc           7%         N/A       100%        3
 Manifold Assault         Tloc           7%         N/A       100%        5

Inventory:

Hand Weapons
 h - a +0 flail
 Y - a +0 war axe (weapon)
Missiles
 i - 5 javelins (quivered)
Armour
 d - a +0 chain mail (worn)
Jewellery
 f - an amulet of the acrobat (around neck)
Scrolls
 a - a scroll of identify
 j - a scroll of brand weapon {unknown}
Potions
 b - a potion of might
 c - 2 potions of heal wounds
 e - a potion of cancellation
 g - a potion of resistance {unknown}

Dungeon Overview and Level Annotations

Branches:
Dungeon (4/15)
 Temple: D:4-7

Altars:
Cheibriados

Shops:
D:3 :

Annotations:
D:4 Pikel


Message History

There is a stone staircase leading down here.
You reach down and open the door.
There is an open door here. 2 lemures come into view.
The lemure shouts! x2
Pikel, Merchant of Souls comes into view.
He is wielding a +0 whip of flaming and carrying a wand of charming (13).
Enter note:
4341 ||| Stepping ~*~*~tactically~*~*~ (stealth).
Pikel shouts!
You hear a shout!
A lemure comes into view. x2
Pikel zaps a wand.
Your will is overpowered!
You are confused.
You hit the lemure but do no damage. Your kick misses the lemure.
You miss the lemure. The lemure hits you.
The lemure hits you but does no damage.
You miss the lemure.
You feel less confused.
You slash Pikel!
Pikel is moderately wounded.
You closely miss the lemure. The lemure hits you.
You closely miss Pikel. Your kick misses Pikel.
Pikel is moderately wounded.
You slash the lemure! The lemure hits you.
Pikel drinks a potion.
Pikel goes berserk!
You hit Pikel. You punch Pikel.
Pikel is moderately wounded.
You barely miss the lemure. You hit the lemure but do no damage.
Pikel hits you but does no damage. The lemure hits you but does no damage.
The lemure barely misses you.
Pikel hits you with a +0 whip of flaming.
Pikel burns you.
You slash Pikel! Your kick misses Pikel.
Pikel is moderately wounded.
You hit the lemure but do no damage. You hit the lemure.
Pikel hits you with a +0 whip of flaming.
Pikel burns you. The lemure hits you.
The lemure hits you but does no damage. x2
The lemure barely misses you.
Pikel hits you with a +0 whip of flaming!
You die...

)... .... #########...
...........
.........#+#########+#
.........+...........#
.........#...........#
...%.....#......55...#
.........#......@K5..#
####.....####'####5..#
######..>.....#...#
#........#.5....
#........#........
#........#........
#........#########
##########


You could see Pikel (berserk) and 4 lemures.

Vanquished Creatures
  Menkaure (D:4)
  A necrophage (D:4)
  A scorpion (D:4)
  An orc priest (D:3)
  An iguana (D:4)
  2 orc wizards (D:3)
  A mummy (D:4)
  3 adders
  A gnoll (D:1)
  A worm (D:3)
  A dart slug (D:2)
  12 orcs
  9 endoplasms
  5 giant cockroaches
  8 goblins
  13 hobgoblins
  4 jackals (D:3)
  11 kobolds
  5 quokkas
  6 ball pythons
  9 bats
  3 frilled lizards
  A rat (D:1)
100 creatures vanquished.

Notes
Turn   | Place    | Note
-------+----------+-------------------------------------------
     0 | D:1      | qw the Tengu Warper began the quest for the Orb.
     0 | D:1      | Reached XP level 1. HP: 12/12 MP: 4/4
     0 | D:1      | 0 ||| qw: Version: 0.1-a-89-g26bdef1
     0 | D:1      | 0 ||| qw: Game counter: 2738
     0 | D:1      | 0 ||| qw: Always use a shield: true
     0 | D:1      | 0 ||| qw: God list: Okawaru
     0 | D:1      | 0 ||| qw: Allow faded altars: false
     0 | D:1      | 0 ||| qw: Do Orc after D:15 true
     0 | D:1      | 0 ||| qw: Do second Lair branch before Depths: true
     0 | D:1      | 0 ||| qw: Lair rune preference: random
     0 | D:1      | 0 ||| qw: Plans: Normal
     0 | D:1      | 0 ||| PLANNING D:1-11
    28 | D:1      | 28 ||| Stepping ~*~*~tactically~*~*~ (stealth).
    55 | D:1      | 55 ||| Stepping ~*~*~tactically~*~*~ (stealth).
   239 | D:1      | Reached skill level 3 in Axes
   239 | D:1      | Reached XP level 2. HP: 17/17 MP: 6/6
   494 | D:1      | Reached XP level 3. HP: 12/21 MP: 7/7
   797 | D:1      | Reached skill level 4 in Axes
   937 | D:1      | Found a faded altar of an unknown god.
  1049 | D:1      | 1049 ||| UPGRADING to +0 ring mail.
  1059 | D:1      | 1059 ||| DROPPING +0 leather armour.
  1060 | D:1      | 1060 ||| UPGRADING to amulet of the acrobat.
  1065 | D:1      | 1065 ||| READING 2 scrolls labelled LILOIH XUAMAUGG.
  1066 | D:1      | 1066 ||| READING scroll labelled GUSYSTR SEFURO.
  1067 | D:1      | 1067 ||| READING scroll labelled TULIANO FEEMUE.
  1068 | D:1      | 1068 ||| DROPPING scroll of blinking.
  1154 | D:2      | 1154 ||| Stepping ~*~*~tactically~*~*~ (stealth).
  1227 | D:2      | 1227 ||| DROPPING +0 whip.
  1228 | D:2      | 1228 ||| DROPPING +0 club.
  1316 | D:2      | 1316 ||| Stepping ~*~*~tactically~*~*~ (stealth).
  1339 | D:2      | Reached XP level 4. HP: 21/26 MP: 8/8
  1999 | D:2      | Reached skill level 5 in Axes
  1999 | D:2      | 1999 ||| Stepping ~*~*~tactically~*~*~ (stealth).
  2001 | D:2      | 2001 ||| Stepping ~*~*~tactically~*~*~ (stealth).
  2536 | D:2      | 2536 ||| UPGRADING to +0 scale mail.
  2546 | D:2      | 2546 ||| DROPPING +0 ring mail.
  2547 | D:2      | 2547 ||| DRINKING 2 viscous inky potions.
  2548 | D:2      | 2548 ||| DRINKING 2 gluggy blue potions.
  2549 | D:2      | 2549 ||| DRINKING 2 emerald potions.
  2570 | D:2      | 2570 ||| READING 2 scrolls of identify.
  2570 | D:2      | 2570 ||| IDENTIFYING red potion
  2571 | D:2      | 2571 ||| DROPPING potion of degeneration.
  2572 | D:2      | 2572 ||| DROPPING potion of magic.
  2573 | D:2      | 2573 ||| DROPPING potion of lignification.
  2675 | D:3      | 2675 ||| Stepping ~*~*~tactically~*~*~ (stealth).
  2708 | D:3      | 2708 ||| Stepping ~*~*~tactically~*~*~ (hiding).
  2715 | D:3      | Gained mutation: Your magical nature lets you fly swiftly
                  | and evasively. [Tengu growth]
  2715 | D:3      | Reached XP level 5. HP: 30/30 MP: 9/9
  2720 | D:3      | HP: 2/30 [orc priest/divine providence (12)]
  2721 | D:3      | 2721 ||| DRINKING potion of heal wounds.
  2959 | D:3      | Reached skill level 6 in Axes
  3047 | D:3      | Found Vaxiasos's Book Emporium.
  3068 | D:3      | 3068 ||| UPGRADING to +0 chain mail.
  3078 | D:3      | 3078 ||| DROPPING +0 scale mail.
  3131 | D:3      | 3131 ||| SWAPPING to +0 war axe.
  3141 | D:3      | 3141 ||| DROPPING +1 hand axe.
  3165 | D:3      | Reached XP level 6. HP: 14/35 MP: 10/10
  3480 | D:3      | 3480 ||| READING 2 scrolls labelled QAJIDUFEVO.
  3481 | D:3      | 3481 ||| READING 3 scrolls of identify.
  3481 | D:3      | 3481 ||| IDENTIFYING green potion
  3482 | D:3      | 3482 ||| READING 2 scrolls of identify.
  3482 | D:3      | 3482 ||| IDENTIFYING black potion
  3483 | D:3      | 3483 ||| DROPPING scroll of immolation.
  3533 | D:4      | Noticed Menkaure
  3540 | D:4      | Killed Menkaure
  3541 | D:4      | Reached skill level 7 in Axes
  3783 | D:4      | Found a snail-covered altar of Cheibriados.
  3943 | D:4      | Reached skill level 3 in Fighting
  3943 | D:4      | Reached XP level 7. HP: 33/41 MP: 11/11
  4340 | D:4      | Noticed Pikel
  4341 | D:4      | 4341 ||| Stepping ~*~*~tactically~*~*~ (stealth).
  4352 | D:4      | HP: 9/41 [lemure[Pikel] (6)]
  4352 | D:4      | Slain by Pikel

Levels and vault maps discovered:
D:1:      co_arrival_random_square_maze, layout_basic,
          shapermc_ecumenical_altar_ellora
D:2:      minmay_kobold_bridge, layout_loops_corners,
          nicolae_concentric_dashed_squares_wild
D:3:      layout_basic, serial_shops, shop, kennysheep_orc_chapel
D:4:      layout_gridville, slow_altar_1, minivault_14, uniq_pikel,
          uniq_natasha, uniq_eustachio, uniq_menkaure

Skill      XL: |  1  2  3  4  5  6 |
---------------+-------------------+-----
Axes           | 3 4 5 6 7 |  7.6
Armour         | 2 |  2.3
Fighting       | 3 |  3.0
Throwing       | |  1.0
Dodging        | |  2.1
Spellcasting   | |  2.0
Translocations | |  2.4

Action                   |  1- 3 |  4- 6 |  7- 9 || total
-------------------------+-------+-------+-------++-------
Melee: Hand axe          |    74 |   101 |       ||   175
       Kick              |    21 |    30 |     2 ||    53
       Peck              |    10 |    21 |       ||    31
       Punch             |       |     2 |     1 ||     3
       War axe           |       |    41 |    11 ||    52
Throw: Boomerang         |     7 |       |       ||     7
       Javelin           |       |     4 |     4 ||     8
  Use: Scroll            |     3 |     4 |       ||     7
       Potion            |       |     4 |       ||     4
Armor: Leather armour    |     6 |       |       ||     6
       Ring mail         |     4 |    12 |       ||    16
       Scale mail        |       |    17 |       ||    17
       Chain mail        |       |    26 |     8 ||    34
Dodge: Dodged            |    41 |    68 |     2 ||   111

Table legend:
 A = Non-vault XP
 B = Vault XP
 C = Vault XP percentage of total XP
 D = Non-vault monster count
 E = Vault monster count
 F = Vault count percentage of total count
                 A         B        C        D         E       F
            +---------+---------+-------+---------+---------+-------
      Total |     475 |     250 |  34.5 |      89 |      11 |  11.0
            +---------+---------+-------+---------+---------+-------
        D:1 |      48 |       0 |   0.0 |      22 |       0 |   0.0
        D:2 |      78 |       8 |   9.3 |      32 |       4 |  11.1
        D:3 |     150 |      55 |  26.8 |      28 |       5 |  15.2
        D:4 |     199 |     187 |  48.4 |       7 |       2 |  22.2
            +---------+---------+-------+---------+---------+-------
